 Dungeon Crawl Stone Soup version 0.19.3-4-gbf9329e (webtiles) character file.

538 Dolanko the Cudgeler (level 7, -6/54 HPs)
             Began as a Demonspawn Gladiator on Jan 26, 2017.
             Mangled by an ice beast (8 damage)
             ... on level 4 of the Dungeon.
             The game lasted 00:04:59 (3317 turns).

Dolanko the Cudgeler (Demonspawn Gladiator)         Turns: 3317, Time: 00:05:00

Health: -6/54      AC:  6    Str: 17    XL:     7   Next: 5%
Magic:  0/7        EV: 12    Int:  9    God:
Gold:   151        SH:  0    Dex: 14    Spells: 0 memorised, 6 levels left

rFire  . . .     SeeInvis .     a - +0 flail
rCold  . . .     Gourm    .     b - +0 leather armour
rNeg   . . .     Faith    .     (no shield)
rPois  .         Spirit   +     c - +0 helmet
rElec  .         Reflect  .     (no cloak)
rCorr  .         Harm     .     (no gloves)
MR     .....                    (no boots)
Stlth  +.........               (no amulet)
                                (no ring)
                                q - ring of flight

@: no status effects
A: talons 1, yellow scales 1, magic shield
a: Evoke Flight


You were on level 4 of the Dungeon.
You were not hungry.

You visited 1 branch of the dungeon, and saw 4 of its levels.

You collected 151 gold pieces.

Inventory:

Hand Weapons
 a - a +0 flail (weapon)
Missiles
 d - 3 throwing nets (quivered)
Armour
 b - a +0 leather armour (worn)
 c - a +0 helmet (worn)
Jewellery
 q - a ring of flight (left hand)
 t - an uncursed ring of wizardry
Wands
 h - a wand of flame (48/48)
 k - a wand of flame (31/48)
Scrolls
 e - a scroll of remove curse
 l - a scroll of recharging
 p - a scroll of teleportation
 r - 2 scrolls of magic mapping
Potions
 i - a potion of might
 m - a potion of magic {unknown}
 n - a potion of haste {unknown}
 o - 2 potions of curing
 u - a potion of invisibility {unknown}
 x - a potion of flight {unknown}
 z - a potion of ambrosia {unknown}
Comestibles
 f - 3 bread rations
 g - 3 fruits
 j - a slice of pizza
 s - a beef jerky
 v - a meat ration
 w - a chunk of flesh


   Skills:
 + Level 4.0 Fighting
 * Level 5.7 Maces & Flails
 - Level 1.7 Throwing
 + Level 2.8 Armour
 - Level 2.6 Dodging


You had 6 spell levels left.
You didn't know any spells.

Dungeon Overview and Level Annotations

Branches:
Dungeon (4/15)
 Temple: D:4-7

Altars:
Hepliaklqana
Sif Muna


Innate Abilities, Weirdness & Mutations

You have sharp toenails.
You are partially covered in yellow scales. (AC +2)
When hurt, damage is shared between your health and your magic reserves.


Message History

The ice beast hits you but does no damage.
You hit the ice beast but do no damage.
The ice beast is severely wounded.
The ice beast hits you.
* * * LOW HITPOINT WARNING * * *
The ice beast freezes you!
* * * LOW HITPOINT WARNING * * *
You hit the ice beast.
You claw the ice beast, but do no damage.
The ice beast is severely wounded.
The ice beast misses you.
You hit the ice beast.
The ice beast is almost dead.
The ice beast misses you.
You hit the ice beast but do no damage.
The ice beast is severely wounded.
The ice beast hits you.
* * * LOW HITPOINT WARNING * * *
The ice beast freezes you!
You die...

.....##.#.........
.###.......######
...#.#####.# .#.#.#
#.##### .....# #.....#
.#...# #.###.#
#...#####.###.#
##.^..........#####.#
.##...#.#.......@Y...#
.....###..<.<.....(....#
....#.#.##############.#
#####...# #...# #...#
#<..# ....# ###..#


You could see an ice beast.

Vanquished Creatures
  Sigmund (D:3)
  An ogre (D:3)
  Blork the orc (D:3)
  Natasha (thrice) (D:3)
  4 gnolls (D:2)
  5 adders
  2 oozes (D:1)
  5 worms
  2 dart slugs (D:2)
  An orc (D:3)
  10 bats
  3 giant cockroaches
  5 goblins
  6 hobgoblins
  4 jackals
  3 frilled lizards
  8 kobolds
  10 rats
74 creatures vanquished.

Notes
Turn   | Place    | Note
-------+----------+-------------------------------------------
     0 | D:1      | Dolanko the Demonspawn Gladiator began the quest for the Orb.
     0 | D:1      | Reached XP level 1. HP: 16/16 MP: 1/1
    97 | D:1      | Reached skill level 3 in Maces & Flails
   136 | D:1      | Gained mutation: You are partially covered in yellow scales. (AC +2) [demonic ancestry]
   136 | D:1      | Reached XP level 2. HP: 22/22 MP: 2/2
   584 | D:1      | Reached XP level 3. HP: 23/27 MP: 3/3
  1224 | D:2      | Found a faded altar of an unknown god.
  1240 | D:2      | Reached skill level 1 in Armour
  1553 | D:2      | Reached skill level 4 in Maces & Flails
  1553 | D:2      | Reached XP level 4. HP: 22/34 MP: 4/4
  2268 | D:3      | Noticed Natasha
  2281 | D:3      | Killed Natasha
  2281 | D:3      | Gained mutation: You have sharp toenails. [demonic ancestry]
  2281 | D:3      | Reached XP level 5. HP: 28/40 MP: 5/5
  2378 | D:3      | Noticed an ogre
  2387 | D:3      | Killed an ogre
  2636 | D:3      | Noticed Natasha
  2640 | D:3      | Killed Natasha
  2640 | D:3      | Reached skill level 5 in Maces & Flails
  2640 | D:3      | Reached XP level 6. HP: 46/47 MP: 6/6
  2692 | D:3      | Noticed Sigmund
  2695 | D:3      | Noticed Blork the orc
  2701 | D:3      | Killed Sigmund
  2859 | D:3      | Noticed Natasha
  2865 | D:3      | Killed Natasha
  3070 | D:3      | Killed Blork the orc
  3070 | D:3      | Gained mutation: When hurt, damage is shared between your health and your magic reserves. [demonic ancestry]
  3070 | D:3      | Reached XP level 7. HP: 53/54 MP: 7/7
  3081 | D:3      | Found a deep blue altar of Sif Muna.
  3183 | D:3      | Found a hazy altar of Hepliaklqana.
  3314 | D:4      | HP: 2/54 [ice beast (7)]
  3317 | D:4      | Mangled by an ice beast

Skill      XL: |  1  2  3  4  5  6 |
---------------+-------------------+-----
Maces & Flails | 3 4 5 |  5.7
Armour         | 1 2 |  2.8
Fighting       | 3 4 |  4.0
Throwing       | |  1.7
Dodging        | |  2.6

Action                   |  1- 3 |  4- 6 |  7- 9 || total
-------------------------+-------+-------+-------++-------
Melee: Flail             |   165 |   116 |    25 ||   306
       Kick              |       |    22 |     9 ||    31
Evoke: Wand              |       |     7 |     1 ||     8
  Use: Scroll            |       |     5 |     5 ||    10
       Potion            |       |     5 |       ||     5
  Eat: Chunk             |     2 |     5 |     1 ||     8
Armor: Leather armour    |    74 |    37 |     6 ||   117
Dodge: Dodged            |   161 |    94 |    17 ||   272
